 Dungeon Crawl Stone Soup version 0.32-a0-460-gc8eefc90e7 (webtiles) character file.

Game seed: 16146459175437210855

7419 Theblade121 the Nimble (level 10, 0/64 (74) HPs)
             Began as a Demonspawn Monk on Feb 24, 2024.
             Was an Initiate of Gozag.
             Killed from afar by Gastronok the shadow dragon (36 damage)
             ... with a bolt of negative energy
             ... on level 8 of the Dungeon.
             The game lasted 00:32:44 (9604 turns).

Theblade121 the Nimble (Demonspawn Monk)            Turns: 9604, Time: 00:32:50

HP:   0/64 (74)     AC: 19    Str: 28    XL:     10   Next: 93%
MP:   10/10         EV: 11    Int: 11    God:    Gozag
Gold: 206           SH:  7    Dex: 15    Spells: 9/9 levels left

rFire   . . .        Q - +5 hand axe (freeze)
rCold   . . .        y - +0 kite shield
rNeg    . . .        J - +0 plate armour
rPois   +            i - +2 hat
rElec   .            E - +2 cloak {rPois}
rCorr   .            (no gloves)
SInv    .            (no boots)
Will    .....        n - amulet of the acrobat Stlth
                     o - +6 ring of strength
HPRegen 0.30/turn    D - +6 ring of strength
MPRegen 0.12/turn

%: acrobat, clarity
@: heavily drained
A: icy blue scales 1, ignite blood 3, weakness stinger 2, clarity, poison
resistance
a: Renounce Religion, Potion Petition, Call Merchant, Bribe Branch


You were on level 8 of the Dungeon.
You worshipped Gozag.
Gozag was aware of your devotion.
You visited 2 branches of the dungeon, and saw 10 of its levels.

You collected 1063 gold pieces.
You spent 60 gold pieces at shops.
You paid 797 gold pieces to Gozag.

Inventory:

Hand Weapons
 b - a +1 dagger of venom
 c - a +0 dagger
 e - a +0 short sword
 f - a +0 whip of freezing
 h - a +3 quarterstaff of chaos
 L - a +6 long sword
 M - a +0 lajatang
 Q - a +5 hand axe of freezing (weapon)
Armour
 a - a +0 scale mail
 i - a +2 hat (worn)
 j - a +0 cloak
 l - a +0 chain mail
 x - a +0 helmet
 y - a +0 kite shield (worn)
 B - a +1 cloak
 E - a +2 cloak of poison resistance (worn)
 J - a +0 plate armour (worn)
Jewellery
 n - an amulet of the acrobat (around neck)
 o - a +6 ring of strength (left hand)
 t - a +6 ring of intelligence
 u - a ring of magical power
 D - a +6 ring of strength (right hand)
 P - a +6 ring of strength
Wands
 w - a wand of flame (31)
Scrolls
 g - 4 scrolls of poison
 k - 2 scrolls of teleportation
 m - 2 scrolls of amnesia
 p - 2 scrolls of enchant armour {unknown}
 s - 2 scrolls of enchant weapon {unknown}
 F - a scroll of fear {unknown}
 H - a scroll of noise {unknown}
 K - 2 scrolls of vulnerability {unknown}
 O - a scroll of acquirement {unknown}
Potions
 d - 4 potions of magic
 q - 4 potions of heal wounds
 r - a potion of degeneration {unknown}
 v - a potion of invisibility {unknown}
 z - 2 potions of brilliance {unknown}
 A - 3 potions of curing
 C - 2 potions of enlightenment {unknown}
 G - a potion of resistance {unknown}
 I - a potion of attraction {unknown}
 N - 4 potions of lignification


   Skills:
 - Level 5.2 Fighting
 - Level 2.2 Short Blades
 * Level 5.4(5.5) Axes
 - Level 1.6(5.8) Maces & Flails
 - Level 6.7(6.9) Staves
 - Level 5.0 Armour
 - Level 10.8 Dodging
 - Level 2.6 Unarmed Combat


You had 9 spell levels left.
You didn't know any spells.
Your spell library contained the following spells:

 Spells                   Type           Power      Damage    Failure   Level
 Slow                     Hex            0%         N/A       100%        1
 Confusing Touch          Hex            0%         N/A       100%        3
 Fugue of the Fallen      Necr           0%         N/A       100%        3
 Hailstorm                Conj/Ice       0%         3d5       100%        3
 Ozocubu's Armour         Ice            0%         N/A       100%        3
 Sigil of Binding         Hex            0%         N/A       100%        3
 Summon Ice Beast         Ice/Summ       0%         N/A       100%        3
 Vampiric Draining        Necr           0%         2d6       100%        3
 Manifold Assault         Tloc           0%         N/A       100%        4
 Sculpt Simulacrum        Ice/Alch       0%         N/A       100%        6


Dungeon Overview and Level Annotations

Branches:
Dungeon (9/15)             Temple (1/1) D:5            Lair (0/5) D:9
    Orc (0/2) D:9

Altars:
Ashenzari
Cheibriados
Dithmenos
Gozag
Hepliaklqana
Kikubaaqudgha
Makhleb
Nemelex Xobeh
Okawaru
Qazlal
Ru
Sif Muna
Trog
Vehumet
Wu Jian
Xom
Yredelemnul

Shops:
D:6 *   D:9 [

Annotations:
D:8 Gastronok, Jeremiah


Innate Abilities, Weirdness & Mutations

You are partially covered in icy blue scales. (AC +2)
Your demonic aura causes all spilled blood to erupt in flames.
You have a tail ending in a sharp stinger.
You possess an exceptional clarity of mind.
Your system is resistant to poisons. (rPois)


Message History

You see here a -1 mace.
You are caught in the web!
There is a web here.
You disentangle yourself.
You pick your way through the web.
There is a web here.
You are caught in the web!
There is a web here.
You disentangle yourself.
Done exploring.
You are caught in the web!
There is a web here.
You disentangle yourself.
You see here a +0 club.
There is a stone staircase leading up, spattered with blood here.
Things that are here:
a +0 club; a +0 robe You see here a +0 club.
Press: ? - help, v - describe, . - travel
Here: Gastronok the shadow dragon The floor.
Okay, then.
Okay, then.
Okay, then.
You hit Gastronok.
Gastronok is lightly wounded.
Gastronok breathes negative energy at you.
The bolt of negative energy hits you!!
You feel drained.
You hit Gastronok but do no damage. You tail-slap Gastronok.
Gastronok is lightly wounded.
Gastronok bites you but does no damage.
Gastronok claws you but does no damage. x2
You block Gastronok's attack. Gastronok claws you.
Gastronok closely misses you.
You closely miss Gastronok.
Gastronok is lightly wounded.
Gastronok breathes negative energy at you.
The bolt of negative energy hits you!!!
You feel drained.
Ouch! That really hurt!
You die...
Your body crumbles into a pile of gold.

#.##.# #.#######..#
#.##.######.#######..#
##.##..)...........#..#
###........###.####..#..#########
#................##.............#
...........###.#.###.#..#######.#
...........###.#.###.#..#######.#
#.#.........##[#.................
..#.........<.).@D......#######..
.......[<...##.#.#...#### ##..
..#....[.[.#.....##..# #>..
#.#.#..[.[.......##..#### #.#.
..#.##.....)............# #.#.
###.######.#.....##..##.# #.#.
###.# #...#.)...##.###.# #.#.
....# #.###..[.##..# #.# #.#.
##### #.# ###....#.# #.# ##...


You could see Gastronok the shadow dragon (catching breath).

Vanquished Creatures
  A two-headed ogre (D:9)
  Pikel (D:4)
  The ghost of temujin the Basher, a novice MDFi of Hepliaklqana (D:6)
  A spectral unseen horror (D:6)
  2 trolls (D:9)
  A shadow (D:5)
  A warg (D:9)
  A steam dragon (D:8)
  3 water moccasins
  An acid dragon (D:9)
  An ice beast (D:4)
  A sky beast (D:7)
  3 orc warriors
  2 ogres (D:7)
  5 centaurs
  A lemure (D:4)
  A phantom (D:4)
  A kobold brigand (D:5)
  5 bullfrogs
  A gnoll sergeant (D:9)
  9 scorpions
  10 wights
  4 howler monkeys
  3 bombardier beetles
  A gnoll bouda (D:4)
  4 jellies
  10 orc priests
  6 hounds
  Crazy Yiuf (D:2)
  A sleepcap (D:5)
  6 iguanas
  12 orc wizards
  2 howler monkey zombies (D:6)
  11 adders
  7 gnolls
  2 shadow imps
  5 white imps
  7 ufetubi
  2 ribbon worms
  A dart slug (D:3)
  35 orcs
  7 endoplasms
  7 giant cockroaches
  8 goblins
  5 hobgoblins
  14 jackals
  9 kobolds
  4 quokkas
  8 ball pythons
  9 bats
  A frilled lizard (D:1)
  7 rats
252 creatures vanquished.

Vanquished Creatures (others)
  An orc (D:8)
1 creature vanquished.

Grand Total: 253 creatures vanquished

Notes
Turn   | Place    | Note
-------+----------+-------------------------------------------
     0 | D:1      | Theblade121 the Demonspawn Monk began the quest for the
                  | Orb.
     0 | D:1      | Reached XP level 1. HP: 18/18 MP: 1/1
   188 | D:1      | Gained mutation: You have a small tail. [demonic ancestry]
   188 | D:1      | Reached XP level 2. HP: 23/24 MP: 2/2
   706 | D:1      | Reached skill level 1 in Maces & Flails
   793 | D:1      | Gained mutation: Your demonic aura sometimes causes spilled
                  | blood to erupt in flames. [demonic ancestry]
   793 | D:1      | Reached XP level 3. HP: 30/30 MP: 3/3
  1389 | D:2      | Reached skill level 1 in Short Blades
  1698 | D:2      | Found a runed translucent door.
  1699 | D:2      | Noticed Crazy Yiuf
  1703 | D:2      | Gained mutation: You possess an exceptional clarity of
                  | mind. [potion of mutation]
  1703 | D:2      | Gained mutation: Your system is resistant to poisons.
                  | (rPois) [potion of mutation]
  1710 | D:2      | Killed Crazy Yiuf
  1711 | D:2      | Reached XP level 4. HP: 28/37 MP: 4/4
  2068 | D:3      | Noticed a water moccasin
  2082 | D:4      | Reached skill level 1 in Staves
  2151 | D:4      | Gained mutation: Your demonic aura often causes spilled
                  | blood to erupt in flames. [demonic ancestry]
  2151 | D:4      | Reached XP level 5. HP: 42/42 MP: 5/5
  2343 | D:4      | Noticed a lemure
  2343 | D:4      | Noticed a lemure
  2380 | D:3      | Reached XP level 6. HP: 30/48 MP: 6/6
  2626 | D:4      | Noticed Pikel
  2632 | D:4      | Killed Pikel
  2633 | D:4      | Gained mutation: You are partially covered in icy blue
                  | scales. (AC +2) [demonic ancestry]
  2633 | D:4      | Reached XP level 7. HP: 42/53 MP: 7/7
  2633 | D:4      | Found an ancient bone altar of Kikubaaqudgha.
  2672 | D:4      | Found a snail-covered altar of Cheibriados.
  2752 | D:4      | Reached skill level 3 in Dodging
  2827 | D:4      | Reached skill level 4 in Dodging
  2827 | D:4      | Gained mutation: You have a tail ending in a sharp stinger.
                  | [demonic ancestry]
  2827 | D:4      | Reached XP level 8. HP: 60/60 MP: 8/8
  3202 | D:4      | Reached skill level 5 in Dodging
  3448 | D:3      | Reached skill level 1 in Armour
  3791 | D:5      | Entered Level 5 of the Dungeon
  4118 | D:5      | Found a shadowy altar of Dithmenos.
  4120 | D:5      | Found a stormy altar of Qazlal.
  4191 | D:5      | Reached skill level 5 in Armour
  4292 | D:5      | Reached XP level 9. HP: 65/66 MP: 9/9
  4295 | D:5      | Reached skill level 5 in Fighting
  4463 | D:5      | Found a staircase to the Ecumenical Temple.
  4472 | Temple   | Entered the Ecumenical Temple
  4841 | D:6      | Reached skill level 6 in Dodging
  4908 | D:6      | Found a basalt altar of Yredelemnul.
  5127 | D:6      | Found a runed translucent gate.
  5127 | D:6      | Found a runed translucent gate.
  5127 | D:6      | Found a runed translucent gate.
  5128 | D:6      | Noticed a spectral unseen horror
  5131 | D:6      | Noticed temujin's ghost (novice MDFi)
  5150 | D:6      | Found Okenot's Assorted Antiques.
  5522 | D:7      | Found a hazy altar of Hepliaklqana.
  5632 | D:7      | Reached skill level 7 in Dodging
  5720 | D:6      | Bought a scroll labelled XEOWYSETAUC for 30 gold pieces
  5720 | D:6      | Bought a scroll labelled XAVVEWU ZIRRO for 30 gold pieces
  6076 | D:7      | Reached skill level 8 in Dodging
  6344 | D:7      | Found an opulent altar of Gozag.
  6354 | D:7      | Became a worshipper of Gozag Ym Sagoz the Greedy
  6484 | D:6      | Killed temujin's ghost
  6485 | D:6      | Reached skill level 9 in Dodging
  6488 | D:6      | Killed a spectral unseen horror
  6489 | D:6      | Gained mutation: Your demonic aura causes all spilled blood
                  | to erupt in flames. [demonic ancestry]
  6489 | D:6      | Reached XP level 10. HP: 49/74 MP: 10/10
  6997 | D:8      | Reached skill level 10 in Dodging
  7459 | D:8      | Noticed Gastronok
  7473 | D:8      | Gastronok changed into Gastronok the shadow dragon
  7473 | D:8      | Noticed Gastronok
  7774 | D:8      | Noticed Jeremiah
  8276 | D:9      | Noticed a two-headed ogre
  8490 | D:9      | Reached skill level 1 in Axes
  8526 | D:9      | Found a staircase to the Lair.
  8792 | D:9      | Killed a two-headed ogre
  8872 | D:9      | Found a staircase to the Orcish Mines.
  8884 | D:9      | Reached skill level 5 in Axes
  9604 | D:8      | Killed from afar by Gastronok the shadow dragon

Illustrated notes

Levels and vault maps discovered:
D:1:      matt_arrival_spirals, layout_basic, chequers_serial_rivers_large_b,
          roderic_serpentine_path, minmay_heptomino_o4
D:2:      layout_basic, grunt_ministairs_12, minivault_24,
          kennysheep_generic_room_15, uniq_crazy_yiuf_cottage
D:3:      layout_basic
D:4:      minmay_opposing_rooms, layout_basic, gammafunk_temple_overflow_statue,
          uniq_pikel
D:5:      layout_basic, grunt_temple_overflow_open, minmay_temple_entry_tees,
          nzn_random_ring
D:6:      layout_basic, lemuel_tele_altar, gammafunk_ghost_necromancy,
          serial_shops, kennysheep_mini, st_stairs_10
D:7:      layout_loops_ring, mainiacjoe_overflow_paths,
          nicolae_hepliaklqana_hazy_memory
D:8:      old_forge, layout_loops_ring, uniq_jeremiah, uniq_gastronok
D:9:      layout_big_octagon, dpeg_oklobed_lair, david_orc_3
Temple:   oiseaux_autumnal_temple

Skill      XL: |  1  2  3  4  5  6  7  8  9 10 |
---------------+-------------------------------+-----
Maces & Flails | 1 |  1.6
Short Blades   | 2 |  2.2
Staves         | 2 3 6 |  6.7
Dodging        | 4 5 9 10 | 10.8
Armour         | 5 |  5.0
Fighting       | 4 5 |  5.2
Axes           | 5 |  5.4
Unarmed Combat | |  2.6

Action                     |  1- 3 |  4- 6 |  7- 9 | 10-12 || total
---------------------------+-------+-------+-------+-------++-------
  Melee: Unarmed           |    12 |       |       |       ||    12
         Dagger            |    70 |       |       |       ||    70
         Whip              |    49 |       |       |       ||    49
         Short sword       |    12 |       |       |       ||    12
         Tailslap          |     7 |     6 |    33 |    30 ||    76
         Quarterstaff      |       |    84 |   285 |   127 ||   496
         Hand axe          |       |       |       |    73 ||    73
 Invoke: Call Merchant     |       |       |       |     1 ||     1
    Use: Scroll            |     3 |       |     1 |     5 ||     9
         Potion            |     4 |     2 |       |       ||     6
   Stab: Confused          |       |     1 |     1 |     1 ||     3
         Paralysed         |       |       |     1 |       ||     1
         Distracted        |       |       |       |     1 ||     1
 Armour: Scale mail        |    73 |       |       |       ||    73
         Chain mail        |    62 |    61 |   152 |       ||   275
         Skin              |     3 |       |     1 |       ||     4
         Plate armour      |       |       |    32 |   161 ||   193
  Dodge: Dodged            |    94 |    52 |   215 |   128 ||   489
  Block: Kite shield       |       |       |       |    27 ||    27

Table legend: (Time is in decaauts)
 A = Elapsed time spent in this place.
 B = Non-inter-level travel time spent in this place.
 C = Inter-level travel time spent in this place.
 D = Time resting spent in this place.
 E = Time spent auto-exploring this place.
 F = Levels seen in this place.
 G = Mean time per level.
                   A        B        C        D        E       F      G
               +--------+--------+--------+--------+--------+-----+--------+
         Total |   9671 |   8862 |    809 |    884 |   5921 |  10 |  967.1 |
       Dungeon |   9670 |   8861 |    809 |    884 |   5921 |   9 | 1074.4 |
        Temple |      1 |      1 |      0 |      0 |      0 |   1 |    1.0 |
               +--------+--------+--------+--------+--------+-----+--------+

Top non-repeatable levels by time:
     D:7: 1801 daAuts
     D:8: 1310 daAuts
     D:6: 1163 daAuts
     D:3: 1073 daAuts
     D:1: 1012 daAuts
     D:2: 945 daAuts
     D:4: 815 daAuts
     D:5: 785 daAuts
     D:9: 761 daAuts
  Temple: 1 daAuts
